 Dungeon Crawl Stone Soup version bcrawl-1.27.1d (webtiles) character file.

Game seed: 7643359681983621397

292251 Freyura the Shield-Bearer (level 8, -4/67 HPs)
             Began as a Gnoll Fighter on July 26, 2020.
             Slain by an ogre
             ... wielding a +0 giant club
              (20 damage)
             ... on level 4 of the Dungeon.
             The game lasted 00:07:05 (3206 turns).

Freyura the Shield-Bearer (Gnoll Fighter)           Turns: 3206, Time: 00:07:05

Health: -4/67      AC: 10    Str: 19    XL:     8   Next: 12%
Magic:  12/12      EV:  8    Int: 11    God:
Gold:   207        SH: 11    Dex: 16    Spells: 12/12 levels left

rFire    . . .     SeeInvis .   a - +0 trident
rCold    . . .     Gourm    .   c - +0 medium shield
rNeg     . . .     Faith    .   b - +0 scale mail
rPois    .         Spirit   .   (no helmet)
rElec    .         Reflect  .   (no cloak)
rCorr    .         Harm     .   (no gloves)
MR       +....                  h - +1 pair of boots
Stlth    +.........             (no amulet)
HPRegen  0.21/turn              o - ring of protection from magic
MPRegen  0.13/turn              q - ring of flight

@: no status effects
A: distributed training, fangs 1, strong nose
a: Evoke Flight


You were on level 4 of the Dungeon.
You were hungry.

You visited 1 branch of the dungeon, and saw 4 of its levels.

You collected 207 gold pieces.

Inventory:

Hand Weapons
 a - a +0 trident (weapon)
Armour
 b - a +0 scale mail (worn)
 c - a +0 medium shield (worn)
 h - a +1 pair of boots (worn)
 n - a +1 helmet of see invisible
Jewellery
 o - a ring of protection from magic (left hand)
 q - a ring of flight (right hand)
Scrolls
 i - 2 scrolls of identify
 p - a scroll of teleportation
Potions
 d - a potion of cancellation
 f - a potion of magic
 g - a potion of flight
 j - a potion of heal wounds
 k - 2 potions of agility {unknown}
 l - a potion of mutation {unknown}
 m - a potion of curing {unknown}
Comestibles
 e - 9 rations {!d}


   Skills:
 + Level 7.2 Fighting
 + Level 2.9 Short Blades
 + Level 2.9 Long Blades
 + Level 2.9 Axes
 + Level 2.9 Maces & Flails
 + Level 5.4 Polearms
 + Level 2.9 Staves
 + Level 2.9 Slings
 + Level 2.9 Bows
 + Level 2.9 Crossbows
 + Level 2.9 Throwing
 + Level 7.2 Armour
 + Level 2.9 Dodging
 + Level 2.9 Stealth
 + Level 7.2 Shields
 + Level 2.9 Unarmed Combat
 + Level 2.9 Spellcasting
 + Level 2.3 Conjurations
 + Level 2.3 Hexes
 + Level 2.3 Charms
 + Level 2.3 Summonings
 + Level 2.3 Necromancy
 + Level 2.3 Translocations
 + Level 2.3 Transmutations
 + Level 2.3 Fire Magic
 + Level 2.3 Ice Magic
 + Level 2.3 Air Magic
 + Level 2.3 Earth Magic
 + Level 2.3 Poison Magic
 + Level 3.2 Invocations
 + Level 2.9 Evocations


You had 12 spell levels left.
You didn't know any spells.
Your spell library was empty.

Dungeon Overview and Level Annotations

Branches:
Dungeon (4/12)
 Temple: D:4-7

Altars:
Sif Muna
Xom


Innate Abilities, Weirdness & Mutations

Your experience applies equally to all skills.
You have very sharp teeth.
Your uncanny sense of smell can sniff out nearby items.


Message History

You are too injured to fight recklessly!
You hit the ogre.
The ogre is moderately wounded.
You hit the ogre. You bite the ogre.
The ogre is moderately wounded.
The ogre barely misses you.
You hit the ogre.
The ogre is moderately wounded.
The ogre hits you with a +0 giant club!
You puncture the ogre!
The ogre is severely wounded.
You block the ogre's attack.
You hit the ogre. You bite the ogre.
The ogre is severely wounded.
The ogre hits you with a +0 giant club.
* * * LOW HITPOINT WARNING * * *
You hit the ogre.
The ogre is severely wounded.
The ogre hits you with a +0 giant club!!
You die...

# #.##.###.######.#...###.## #. #
#.##.# #.###.....##.##...## #. #
#.##.# #.##.....#.#.#.....###. #
#.##.###.#....................
####.##..............#.#.....##..
.....######.#.......##.##...###.#
###### #..#.....###.###.## #.#
##.##...## #.# #.# #.# ######
#.###@## #.# #รท# #.# .....# #.#
#O# ##.###.####.# ####.# #.# #.#
#.........#.# #.# #.# #.#
##.#........> #.# #.# #.#
###.#.###### #.#######.# #.#
#.#.# ####.........# #.# #.#.#
....########## #.# #####.#.#
##### #.....#..


You could see an ogre.

Vanquished Creatures
  Sigmund (D:2)
  A sky beast (D:3)
  An ogre (D:4)
  A scorpion (D:3)
  A water moccasin skeleton (D:3)
  5 crimson imps
  2 orc priests (D:4)
  3 orc wizards (D:4)
  2 worker ants
  A howler monkey skeleton (D:4)
  3 adders
  An adder skeleton (D:4)
  2 worms
  6 dart slugs
  7 leopard geckos
  12 orcs
  A bat (D:1)
  2 giant cockroaches
  7 goblins
  3 hobgoblins
  12 jackals
  2 ball pythons
  4 frilled lizards
  7 kobolds
  4 rats
91 creatures vanquished.

Notes
Turn   | Place    | Note
-------+----------+-------------------------------------------
     0 | D:1      | Freyura the Gnoll Fighter began the quest for the Orb.
     0 | D:1      | Reached XP level 1. HP: 23/23 MP: 1/1
    77 | D:1      | Reached XP level 2. HP: 25/29 MP: 2/2
   425 | D:1      | Reached XP level 3. HP: 35/35 MP: 3/3
   763 | D:2      | Reached skill level 1 in Invocations
   855 | D:2      | Noticed Sigmund
   863 | D:2      | Killed Sigmund
   863 | D:2      | Reached skill level 1 in Short Blades
   863 | D:2      | Reached skill level 1 in Long Blades
   863 | D:2      | Reached skill level 1 in Axes
   863 | D:2      | Reached skill level 1 in Maces & Flails
   863 | D:2      | Reached skill level 1 in Staves
   863 | D:2      | Reached skill level 1 in Slings
   863 | D:2      | Reached skill level 1 in Bows
   863 | D:2      | Reached skill level 1 in Crossbows
   863 | D:2      | Reached skill level 1 in Throwing
   863 | D:2      | Reached skill level 1 in Dodging
   863 | D:2      | Reached skill level 1 in Stealth
   863 | D:2      | Reached skill level 1 in Unarmed Combat
   863 | D:2      | Reached skill level 1 in Spellcasting
   863 | D:2      | Reached skill level 1 in Conjurations
   863 | D:2      | Reached skill level 1 in Hexes
   863 | D:2      | Reached skill level 1 in Charms
   863 | D:2      | Reached skill level 1 in Summonings
   863 | D:2      | Reached skill level 1 in Necromancy
   863 | D:2      | Reached skill level 1 in Translocations
   863 | D:2      | Reached skill level 1 in Transmutations
   863 | D:2      | Reached skill level 1 in Fire Magic
   863 | D:2      | Reached skill level 1 in Ice Magic
   863 | D:2      | Reached skill level 1 in Air Magic
   863 | D:2      | Reached skill level 1 in Earth Magic
   863 | D:2      | Reached skill level 1 in Poison Magic
   863 | D:2      | Reached skill level 1 in Evocations
   863 | D:2      | Reached XP level 4. HP: 41/41 MP: 4/6
   863 | D:2      | Reached XP level 5. HP: 47/47 MP: 4/7
  1200 | D:2      | Reached XP level 6. HP: 51/53 MP: 8/8
  1566 | D:3      | Reached skill level 5 in Polearms
  1765 | D:3      | Found a shimmering altar of Xom.
  1879 | D:3      | Found a shimmering blue altar of Sif Muna.
  1886 | D:3      | Noticed a sky beast
  1910 | D:3      | HP: 2/53 [sky beast (6)]
  1911 | D:3      | Killed a sky beast
  1911 | D:3      | Reached XP level 7. HP: 2/59 MP: 10/10
  2558 | D:4      | HP: 1/60 [orc priest/+0 trident (3)]
  2843 | D:4      | Reached XP level 8. HP: 67/67 MP: 12/12
  3206 | D:4      | Slain by an ogre

Skill      XL: |  1  2  3  4  5  6  7 |
---------------+----------------------+-----
Invocations    | 1 2 3 |  3.2
Short Blades   | 1 2 |  2.9
Long Blades    | 1 2 |  2.9
Axes           | 1 2 |  2.9
Maces & Flails | 1 2 |  2.9
Staves         | 1 2 |  2.9
Slings         | 1 2 |  2.9
Bows           | 1 2 |  2.9
Crossbows      | 1 2 |  2.9
Throwing       | 1 2 |  2.9
Dodging        | 1 2 |  2.9
Stealth        | 1 2 |  2.9
Unarmed Combat | 1 2 |  2.9
Spellcasting   | 1 2 |  2.9
Conjurations   | 1 2 |  2.3
Hexes          | 1 2 |  2.3
Charms         | 1 2 |  2.3
Summonings     | 1 2 |  2.3
Necromancy     | 1 2 |  2.3
Translocations | 1 2 |  2.3
Transmutations | 1 2 |  2.3
Fire Magic     | 1 2 |  2.3
Ice Magic      | 1 2 |  2.3
Air Magic      | 1 2 |  2.3
Earth Magic    | 1 2 |  2.3
Poison Magic   | 1 2 |  2.3
Evocations     | 1 2 |  2.9
Polearms       | 5 |  5.4
Fighting       | 7 |  7.2
Armour         | 7 |  7.2
Shields        | 7 |  7.2

Action                   |  1- 3 |  4- 6 |  7- 9 || total
-------------------------+-------+-------+-------++-------
Melee: Trident           |    93 |   127 |   228 ||   448
       Bite              |    10 |    13 |    33 ||    56
  Use: Scroll            |     2 |     5 |     4 ||    11
       Potion            |     1 |       |     1 ||     2
  Eat: Chunk             |     3 |     6 |    10 ||    19
Armor: Scale mail        |    29 |    51 |    81 ||   161
Dodge: Dodged            |    17 |    28 |    46 ||    91
Block: Medium shield     |    35 |    46 |   109 ||   190
